 Dungeon Crawl Stone Soup version 0.17-a0-995-gb5fa8d7 (webtiles) character file.

93 Hanyuu the Insei (level 4, -1/28 HPs)
             Began as an Octopode Transmuter on May 12, 2015.
             Slain by a kobold (3 damage)
             ... on level 4 of the Dungeon.
             The game lasted 00:05:40 (2743 turns).

Hanyuu the Insei (Octopode Transmuter)              Turns: 2743, Time: 00:05:41

Health: -1/28      AC:  1    Str:  9    XL:     4   Next: 62%
Magic:  2/7        EV: 12    Int: 16    God:
Gold:   159        SH:  0    Dex: 12    Spells: 3 memorised, 1 level left

rFire  . . .     SeeInvis .       - Unarmed
rCold  . . .     Clarity  .     (no shield)
rNeg   + . .     SustAb   .     (helmet restricted)
rPois  .         Gourm    .     (no amulet)
rElec  .         Spirit   .     j - ring of teleportation (curse)
rCorr  .         Warding  .     n - ring of positive energy
rMut   .         Rnd*Tele +     (no ring)
MR     .....                    (no ring)
Stlth  ++........               (no ring)
                                (no ring)
                                (no ring)
                                (no ring)

@: very slightly contaminated, not resistant to hostile enchantments, unstealthy
A: almost no armour, amphibious, 8 rings, constrict 8, camouflage 1, gelatinous
body 1
a: Evoke Teleportation


You were on level 4 of the Dungeon.
You were not hungry.

You visited 1 branch of the dungeon, and saw 4 of its levels.

You collected 159 gold pieces.

Inventory:

Hand weapons
 a - a +0 blowgun
Missiles
 d - 13 poisoned needles
 i - 3 tomahawks (quivered)
 q - 12 arrows
 r - 12 sling bullets of frost
 t - 3 needles of confusion
Armour
 k - a +0 buckler
Jewellery
 j - a cursed ring of teleportation (left tentacle)
 n - a ring of positive energy (right tentacle)
Scrolls
 g - a scroll of magic mapping {unknown}
 l - 4 scrolls of amnesia {unknown}
 m - 2 scrolls of identify {unknown}
Potions
 e - a potion of agility {unknown}
 h - 2 potions of ambrosia {unknown}
 p - a potion of haste {unknown}
 s - a potion of flight {unknown}
Books
 b - a book of Changes

   Spells                             Type                      Level
   a - Beastly Appendage              Transmutation                1
   b - Sticks to Snakes               Transmutation                2
   c - Spider Form                    Transmutation/Poison         3
   d - Ice Form                       Ice/Transmutation            4
   e - Blade Hands                    Transmutation                5
Comestibles
 c - 3 bread rations
 f - a slice of pizza
 o - 2 fruits
 u - 11 chunks of flesh


   Skills:
 - Level 1.0 Fighting
 * Level 0.4 Throwing
 - Level 2.0 Dodging
 + Level 5.1 Unarmed Combat
 - Level 2.0 Spellcasting
 - Level 2.0 Transmutations


You had one spell level left.
You knew the following spells:

 Your Spells              Type           Power        Failure   Level  Hunger
a - Beastly Appendage     Trmt           #.....       10%         1    #......
b - Sticks to Snakes      Trmt           #.........   14%         2    ###....
c - Spider Form           Trmt/Pois      #.........   38%         3    ###....


Dungeon Overview and Level Annotations

Branches:
Dungeon (4/15)
 Temple: D:4-7

Altars:


Innate Abilities, Weirdness & Mutations

You cannot wear most types of armour.
You are amphibious.
You can wear up to eight rings at the same time.
You can use your tentacles to constrict eight enemies at once.
Your skin changes colour to match your surroundings (Stealth).
Your rubbery body absorbs attacks (AC +1).


Message History

a falchion; a hand axe; a ring mail; an orc skeleton You are suddenly yanked towards some nearby monsters!
Your surroundings suddenly seem different.
A jackal comes into view.
The jackal barks!
A kobold comes into view.
The kobold shouts!
A jackal comes into view.
The jackal barks!
A hound comes into view.
The hound barks!
The jackal barely misses you.
Found six items.
Found a stone staircase leading down.
Casting: Spider Form
Confirm with . or Enter, or press ? or * to list all spells.
You miscast Spider Form.
You are very lightly contaminated with residual magic.
Nothing appears to happen.
The hound closely misses you. The jackal misses you. The kobold hits you.
You die...

#. #.....# #.#
?......
#..#####.......
P.....(........
#..............
......($.......
......h........
.....hK@.......
>.....h......?.
........#.....#
..........#.###
....?.... # #
..........
######.##. #.
##


You could see a hound, 2 jackals and a kobold.

Vanquished Creatures
  3 adders
  3 worms (D:2)
  2 giant geckos
  6 orcs
  2 giant cockroaches
  3 hobgoblins
  2 jackals (D:2)
  A quokka (D:3)
  10 bats
  3 giant newts (D:1)
  5 goblins
  5 kobolds
  7 rats
52 creatures vanquished.

Notes
Turn   | Place    | Note
--------------------------------------------------------------
     0 | D:1      | Hanyuu the Octopode Transmuter began the quest for the Orb.
     0 | D:1      | Reached XP level 1. HP: 13/13 MP: 3/3
   218 | D:1      | Reached XP level 2. HP: 8/18 MP: 5/5
  1123 | D:2      | Reached skill level 4 in Unarmed Combat
  1235 | D:2      | Reached XP level 3. HP: 21/23 MP: 6/6
  1242 | D:2      | Learned a level 2 spell: Sticks to Snakes
  1246 | D:2      | Learned a level 3 spell: Spider Form
  1934 | D:2      | Reached XP level 4. HP: 18/28 MP: 7/7
  2636 | D:4      | Reached skill level 5 in Unarmed Combat
  2734 | D:4      | HP: 1/28 [orc/flail (9)]
  2743 | D:4      | Slain by a kobold

Vault maps used:
D:1:      evilmike_arrival_plus
D:2:      item_on_display_b
D:3:      serial_glass, glass_columns_c, glass_columns_a
D:4:      gammafunk_temple_overflow_forgotten, serial_shops,
          nicolae_shop_crystal, first_bread

Action                   |  1- 3 |  4- 6 || total
-------------------------+-------+-------++-------
Melee: Unarmed           |    77 |    41 ||   118
 Fire: Blowgun           |       |     6 ||     6
 Cast: Beastly Appendage |     2 |       ||     2
       Spider Form       |       |     2 ||     2
  Use: Scroll            |     1 |       ||     1
 Stab: Sleeping          |     3 |     2 ||     5
  Eat: Chunk             |     3 |     2 ||     5
       Fruit             |       |     1 ||     1
